| TOP OF THE 1ST |
|
Arkansas Travelers batting - Pitching for Frisco RoughRiders : RHP Prince Gibson
|
|
Pitching: RHP Prince Gibson
|
|
|
Batting: RHB T.J. Gray
|
0-0: Called Strike 0-1: Ball 1-1: Ball 2-1: Foul Ball, location: 2F 2-2: Ball 3-2: Base on Balls
|
|
Batting: RHB Danny Bjarnson
|
0-0: Ball 1-0: Ball 2-0: Ball 3-0: Called Strike 3-1: Fielders Choice at 2nd, 5-4 (Groundball, 5, EV 101.2 MPH)
|
|
Batting: RHB Juan Montez
|
0-0: Called Strike 0-1: Foul Ball, location: 2F 0-2: Ball 1-2: Strikes out swinging
|
|
Batting: RHB Kyler Seitz
|
0-0: Ball 1-0: Ball 2-0: Ball 3-0: Base on Balls Danny Bjarnson to second
|
|
Batting: LHB Mutsuo IIda
|
0-0: Ball 1-0: Swinging Strike 1-1: Swinging Strike 1-2: Ball 2-2: Strikes out swinging
|
| Top of the 1st over - 0 runs, 0 hits, 0 errors, 2 left on base; Arkansas 0 - Frisco 0 |
| BOTTOM OF THE 1ST |
|
Frisco RoughRiders batting - Pitching for Arkansas Travelers : RHP Josh Brewer
|
|
Pitching: RHP Josh Brewer
|
|
|
Batting: LHB Yoshinari Nara
|
0-0: Ball 1-0: Ball 2-0: Ball 3-0: Called Strike 3-1: Ground out 5-3 (Groundball, 5, EV 85.6 MPH)
|
|
Batting: LHB Jody Hudson
|
0-0: Ball 1-0: Ball 2-0: Ball 3-0: Base on Balls
|
|
Batting: RHB Chance Lamb
|
0-0: Ball Jody Hudson steals 2nd base 1-0: Ball 2-0: Ball 3-0: Called Strike 3-1: Base on Balls Jody Hudson steals 3rd base
|
|
Batting: LHB Jim Pankratz
|
0-0: Called Strike 0-1: Swinging Strike 0-2: Ball 1-2: Ball 2-2: Strikes out looking
|
|
Batting: RHB Josh Whitmore
|
0-0: Foul Ball, location: 2F 0-1: SINGLE (Groundball, 6MD, EV 100.0 MPH) Jody Hudson scores Chance Lamb to second Runner from 2nd tries for 3rd, SAFE, throw by CF made to third Josh Whitmore to second
|
|
Batting: LHB Joseph Martin
|
0-0: Ball 1-0: Swinging Strike 1-1: Foul Ball, location: 2F 1-2: Foul Ball, location: 2F 1-2: Ball 2-2: Ball 3-2: Foul Ball, location: 2F 3-2: Foul Ball, location: 2F 3-2: Base on Balls
|
|
Batting: RHB Matt Sanders
|
0-0: Ball 1-0: Ball 2-0: SINGLE (Line Drive, 6MD, EV 98.8 MPH) Chance Lamb scores Josh Whitmore to third Joseph Martin to second
|
|
Batting: RHB Jordan Fairburn
|
0-0: Called Strike 0-1: Ball 1-1: Foul Ball, location: 2F 1-2: Strikes out swinging
|
| Bottom of the 1st over - 2 runs, 2 hits, 0 errors, 3 left on base; Arkansas 0 - Frisco 2 |
| TOP OF THE 2ND |
|
Arkansas Travelers batting - Pitching for Frisco RoughRiders : RHP Prince Gibson
|
|
Batting: RHB Kinya Nishimura
|
0-0: Ball 1-0: Fly out, F8 (Flyball, 8RS, EV 85.6 MPH)
|
|
Batting: LHB Spencer Palmer
|
0-0: Swinging Strike 0-1: Ball 1-1: Hit by Pitch
|
|
Batting: RHB Ryan Pelletier
|
0-0: Called Strike 0-1: Grounds into double play, 6-4-3 (Groundball, 6, EV 100.6 MPH)
|
| Top of the 2nd over - 0 runs, 0 hits, 0 errors, 0 left on base; Arkansas 0 - Frisco 2 |
| BOTTOM OF THE 2ND |
|
Frisco RoughRiders batting - Pitching for Arkansas Travelers : RHP Josh Brewer
|
|
Batting: RHB Joe Kemp
|
0-0: Called Strike 0-1: SINGLE (Groundball, 56, EV 100.6 MPH)
|
|
Batting: LHB Yoshinari Nara
|
0-0: Called Strike 0-1: Swinging Strike 0-2: Strikes out looking
|
|
Batting: LHB Jody Hudson
|
0-0: Ball Joe Kemp steals 2nd base
|
|
Pinch Runner at 2nd Seung-ho Zhang:
|
1-0: Ground out 5-3 (Groundball, 56, EV 93.1 MPH)
|
|
Batting: RHB Chance Lamb
|
0-0: Ball 1-0: Ball 2-0: Foul Ball, location: 2F 2-1: Foul Ball, location: 2F 2-2: Ball 3-2: 2-RUN HOME RUN (Line Drive, 7D, EV 100.0 MPH), Distance : 394 ft
|
|
Batting: LHB Jim Pankratz
|
0-0: Ball 1-0: SINGLE (Flyball, 78S, EV 90.6 MPH)
|
|
Batting: RHB Josh Whitmore
|
0-0: Called Strike 0-1: Ball Jim Pankratz steals 2nd base 1-1: Swinging Strike 1-2: Strikes out swinging
|
| Bottom of the 2nd over - 2 runs, 3 hits, 0 errors, 1 left on base; Arkansas 0 - Frisco 4 |
| TOP OF THE 3RD |
|
Arkansas Travelers batting - Pitching for Frisco RoughRiders : RHP Prince Gibson
|
|
Now in CF: Matt Sanders
|
|
|
Now in RF: Seung-ho Zhang
|
|
|
Batting: SHB Tim Connell
|
0-0: Ball 1-0: Ball 2-0: Ball 3-0: Called Strike 3-1: Swinging Strike 3-2: Foul Ball, location: 2F 3-2: Strikes out swinging
|
|
Batting: RHB T.J. Gray
|
0-0: Ball 1-0: Called Strike 1-1: Swinging Strike 1-2: Foul Ball, location: 2F 1-2: Ball 2-2: Strikes out swinging
|
|
Batting: RHB Danny Bjarnson
|
0-0: Foul Ball, location: 2F 0-1: Ground out 6-3 (Groundball, 6, EV 88.8 MPH)
|
| Top of the 3rd over - 0 runs, 0 hits, 0 errors, 0 left on base; Arkansas 0 - Frisco 4 |
| BOTTOM OF THE 3RD |
|
Frisco RoughRiders batting - Pitching for Arkansas Travelers : RHP Josh Brewer
|
|
Batting: LHB Joseph Martin
|
0-0: Called Strike 0-1: Ball 1-1: Ball 2-1: Foul Ball, location: 2F 2-2: Ball 3-2: Foul Ball, location: 2F 3-2: Fly out, F9 (Flyball, 9LSF, EV 67.5 MPH)
|
|
Batting: RHB Matt Sanders
|
0-0: Called Strike 0-1: Ball 1-1: Ball 2-1: Foul Ball, location: 2F 2-2: Foul Ball, location: 2F 2-2: Fly out, F7 (Flyball, 7LM, EV 88.8 MPH)
|
|
Batting: RHB Jordan Fairburn
|
0-0: Called Strike 0-1: Swinging Strike 0-2: Ball 1-2: Strikes out swinging
|
| Bottom of the 3rd over - 0 runs, 0 hits, 0 errors, 0 left on base; Arkansas 0 - Frisco 4 |
| TOP OF THE 4TH |
|
Arkansas Travelers batting - Pitching for Frisco RoughRiders : RHP Prince Gibson
|
|
Batting: RHB Juan Montez
|
0-0: Ball 1-0: Swinging Strike 1-1: Ball 2-1: Foul Ball, location: 2F 2-2: Ball 3-2: Fly out, F9 (Flyball, 89D, EV 100.6 MPH)
|
|
Batting: RHB Kyler Seitz
|
0-0: Foul Ball, location: 2F 0-1: Ball 1-1: Fly out, F7 (Flyball, 78S, EV 84.4 MPH)
|
|
Batting: LHB Mutsuo IIda
|
0-0: Swinging Strike 0-1: Swinging Strike 0-2: Strikes out swinging
|
| Top of the 4th over - 0 runs, 0 hits, 0 errors, 0 left on base; Arkansas 0 - Frisco 4 |
| BOTTOM OF THE 4TH |
|
Frisco RoughRiders batting - Pitching for Arkansas Travelers : RHP Josh Brewer
|
|
Batting: SHB Seung-ho Zhang
|
0-0: Ground out 3-1 (Groundball, 34, EV 108.1 MPH)
|
|
Batting: LHB Yoshinari Nara
|
0-0: Called Strike 0-1: Ball 1-1: Ball 2-1: Foul Ball, location: 2F 2-2: Foul Ball, location: 2F 2-2: Foul Ball, location: 2F 2-2: Fly out, F8 (Flyball, 8LS, EV 86.2 MPH)
|
|
Batting: LHB Jody Hudson
|
0-0: Ball 1-0: Called Strike 1-1: Ball 2-1: Ball 3-1: Fly out, F7 (Flyball, 78D, EV 96.9 MPH)
|
| Bottom of the 4th over - 0 runs, 0 hits, 0 errors, 0 left on base; Arkansas 0 - Frisco 4 |
| TOP OF THE 5TH |
|
Arkansas Travelers batting - Pitching for Frisco RoughRiders : RHP Prince Gibson
|
|
Batting: RHB Kinya Nishimura
|
0-0: Called Strike 0-1: Called Strike 0-2: Ball 1-2: Fly out, F3 (Popup, 3S, EV 78.8 MPH)
|
|
Batting: LHB Spencer Palmer
|
0-0: Ball 1-0: Ground out 4-3 (Groundball, 4M, EV 84.4 MPH)
|
|
Batting: RHB Ryan Pelletier
|
0-0: Ball 1-0: SINGLE (Line Drive, 56, EV 98.8 MPH)
|
|
Batting: SHB Tim Connell
|
0-0: Ball Ryan Pelletier is caught stealing 2nd base 2-6
|
| Top of the 5th over - 0 runs, 1 hit, 0 errors, 0 left on base; Arkansas 0 - Frisco 4 |
| BOTTOM OF THE 5TH |
|
Frisco RoughRiders batting - Pitching for Arkansas Travelers : RHP Josh Brewer
|
|
Batting: RHB Chance Lamb
|
0-0: Ball 1-0: Called Strike 1-1: Foul Ball, location: 2F 1-2: Ball 2-2: TRIPLE (Flyball, 78XD, EV 108.1 MPH)
|
|
Batting: LHB Jim Pankratz
|
0-0: Called Strike 0-1: Foul Ball, location: 2F 0-2: Ball 1-2: Ground out 4-3 (Groundball, 34D, EV 104.4 MPH) Chance Lamb scores
|
|
Pitching: RHP Jose Alvarado
|
|
|
Batting: RHB Josh Whitmore
|
0-0: Called Strike 0-1: Ground out 5-3 (Groundball, 56, EV 88.8 MPH)
|
|
Batting: LHB Joseph Martin
|
0-0: Ball 1-0: Ball 2-0: Ball 3-0: Called Strike 3-1: Base on Balls
|
|
Batting: RHB Matt Sanders
|
0-0: Called Strike 0-1: Hit by Pitch Joseph Martin to second
|
|
Batting: RHB Jordan Fairburn
|
0-0: Swinging Strike 0-1: Called Strike 0-2: Strikes out swinging
|
| Bottom of the 5th over - 1 run, 1 hit, 0 errors, 2 left on base; Arkansas 0 - Frisco 5 |
| TOP OF THE 6TH |
|
Arkansas Travelers batting - Pitching for Frisco RoughRiders : RHP Prince Gibson
|
|
Batting: SHB Tim Connell
|
0-0: Swinging Strike 0-1: Ball 1-1: Foul Ball, location: 2F 1-2: Strikes out swinging
|
|
Batting: RHB T.J. Gray
|
0-0: Foul Ball, location: 2F 0-1: Swinging Strike 0-2: Ball 1-2: Foul Ball, location: 2F 1-2: Ball 2-2: Strikes out swinging
|
|
Batting: RHB Danny Bjarnson
|
0-0: Ball 1-0: Called Strike 1-1: Ground out 4-3 (Groundball, 34, EV 78.1 MPH)
|
| Top of the 6th over - 0 runs, 0 hits, 0 errors, 0 left on base; Arkansas 0 - Frisco 5 |
| BOTTOM OF THE 6TH |
|
Frisco RoughRiders batting - Pitching for Arkansas Travelers : RHP Jose Alvarado
|
|
Batting: SHB Seung-ho Zhang
|
0-0: Swinging Strike 0-1: Foul Ball, location: 2F 0-2: Ball 1-2: Ball 2-2: Foul Ball, location: 2F 2-2: Ball 3-2: Fly out, F7 (Flyball, 78D, EV 85.0 MPH)
|
|
Batting: LHB Yoshinari Nara
|
0-0: Foul Ball, location: 2F 0-1: Called Strike 0-2: Foul Ball, location: 2F 0-2: Ball 1-2: Foul Ball, location: 2F 1-2: Ball 2-2: Strikes out swinging
|
|
Batting: LHB Jody Hudson
|
0-0: Ball 1-0: Ball 2-0: Ball 3-0: Base on Balls
|
|
Batting: RHB Chance Lamb
|
0-0: Called Strike Jody Hudson steals 2nd base (no throw) 0-1: Foul Ball, location: 2F 0-2: Fly out, F8 (Flyball, 89D, EV 76.2 MPH)
|
| Bottom of the 6th over - 0 runs, 0 hits, 0 errors, 1 left on base; Arkansas 0 - Frisco 5 |
| TOP OF THE 7TH |
|
Arkansas Travelers batting - Pitching for Frisco RoughRiders : RHP Prince Gibson
|
|
Batting: RHB Juan Montez
|
0-0: Ball 1-0: Ball 2-0: Foul Ball, location: 2F 2-1: Ball 3-1: Base on Balls
|
|
Batting: RHB Kyler Seitz
|
0-0: Ball 1-0: Ball 2-0: Called Strike 2-1: Foul Ball, location: 2F 2-2: SINGLE (Line Drive, 7S, EV 112.5 MPH) Juan Montez to second
|
|
Batting: LHB Mutsuo IIda
|
0-0: Ball 1-0: Fly out, F8 (Line Drive, 8RM, EV 103.1 MPH)
|
|
Batting: RHB Kinya Nishimura
|
0-0: Ball 1-0: SINGLE (Groundball, 6MD, EV 105.0 MPH) Juan Montez to third Kyler Seitz to second Runner from 3rd tries for Home, SAFE, throw by CF to home
|
|
Batting: LHB Spencer Palmer
|
0-0: Ball 1-0: Called Strike 1-1: Foul Ball, location: 2F 1-2: Foul Ball, location: 2F 1-2: Strikes out looking
|
|
Batting: RHB Ryan Pelletier
|
0-0: Called Strike 0-1: Swinging Strike 0-2: Strikes out swinging
|
| Top of the 7th over - 1 run, 2 hits, 0 errors, 2 left on base; Arkansas 1 - Frisco 5 |
| BOTTOM OF THE 7TH |
|
Frisco RoughRiders batting - Pitching for Arkansas Travelers : RHP Jose Alvarado
|
|
Pitching: RHP Nick Madrid
|
|
|
Batting: LHB Jim Pankratz
|
0-0: Foul Ball, location: 2F 0-1: Swinging Strike 0-2: Ball 1-2: Ball 2-2: SOLO HOME RUN (Flyball, 89XD, EV 109.4 MPH), Distance : 426 ft
|
|
Batting: RHB Josh Whitmore
|
0-0: Ball 1-0: Ball 2-0: Called Strike 2-1: Ball 3-1: Foul Ball, location: 2F 3-2: Base on Balls
|
|
Batting: LHB Joseph Martin
|
0-0: Ball 1-0: Called Strike 1-1: Ball 2-1: Ball 3-1: Grounds into double play, 4-6-3 (Groundball, 4, EV 106.2 MPH)
|
|
Batting: RHB Matt Sanders
|
0-0: Ball 1-0: Ball 2-0: Called Strike 2-1: Called Strike 2-2: Ground out 5-3 (Groundball, 5, EV 84.4 MPH)
|
| Bottom of the 7th over - 1 run, 1 hit, 0 errors, 0 left on base; Arkansas 1 - Frisco 6 |
| TOP OF THE 8TH |
|
Arkansas Travelers batting - Pitching for Frisco RoughRiders : RHP Prince Gibson
|
|
Batting: SHB Tim Connell
|
0-0: Ball 1-0: Ground out 4-3 (Groundball, 34, EV 85.0 MPH)
|
|
Pitching: RHP Matt Stutzman
|
|
|
Batting: RHB T.J. Gray
|
0-0: Foul Ball, location: 2F 0-1: Swinging Strike 0-2: Ground out 4-3 (Groundball, 4D, EV 104.4 MPH)
|
|
Batting: RHB Danny Bjarnson
|
0-0: Swinging Strike 0-1: Fly out, F9 (Flyball, 9D, EV 106.9 MPH)
|
| Top of the 8th over - 0 runs, 0 hits, 0 errors, 0 left on base; Arkansas 1 - Frisco 6 |
| BOTTOM OF THE 8TH |
|
Frisco RoughRiders batting - Pitching for Arkansas Travelers : RHP Nick Madrid
|
|
Batting: RHB Jordan Fairburn
|
0-0: Ball 1-0: Called Strike 1-1: Called Strike 1-2: Foul Ball, location: 2F 1-2: Foul Ball, location: 2F 1-2: Foul Ball, location: 2F 1-2: Foul Ball, location: 2F 1-2: Foul Ball, location: 2F 1-2: DOUBLE (Flyball, 89XD, EV 103.8 MPH)
|
|
Batting: SHB Seung-ho Zhang
|
0-0: DOUBLE (Groundball, 3L, EV 94.4 MPH) Jordan Fairburn scores
|
|
Batting: LHB Yoshinari Nara
|
0-0: Ball Seung-ho Zhang steals 3rd base 1-0: Called Strike 1-1: Ball 2-1: Foul Ball, location: 2F 2-2: Foul Ball, location: 2F 2-2: Strikes out swinging
|
|
Pitching: LHP Kyle Worford
|
|
|
Batting: LHB Jody Hudson
|
0-0: Called Strike 0-1: Ball 1-1: Called Strike 1-2: Ground out 3-1 (Groundball, 34S, EV 88.1 MPH) Seung-ho Zhang scores
|
|
Batting: RHB Chance Lamb
|
0-0: Called Strike 0-1: Ball 1-1: Ground out 4-3 (Groundball, 4, EV 102.5 MPH)
|
| Bottom of the 8th over - 2 runs, 2 hits, 0 errors, 0 left on base; Arkansas 1 - Frisco 8 |
| TOP OF THE 9TH |
|
Arkansas Travelers batting - Pitching for Frisco RoughRiders : RHP Matt Stutzman
|
|
Pinch Hitting: RHB Phil Knox
|
0-0: Ball 1-0: Ball 2-0: SINGLE (Groundball, 4MD, EV 93.8 MPH)
|
|
Batting: RHB Kyler Seitz
|
0-0: Ball 1-0: Ball 2-0: Ball 3-0: Foul Ball, location: 2F 3-1: 2-RUN HOME RUN (Flyball, 89XD, EV 109.4 MPH), Distance : 421 ft
|
|
Batting: LHB Mutsuo IIda
|
0-0: Called Strike 0-1: Ball 1-1: Ball 2-1: Foul Ball, location: 2F 2-2: Fly out, F7 (Flyball, 7LM, EV 90.0 MPH)
|
|
Batting: RHB Kinya Nishimura
|
0-0: Ball 1-0: TRIPLE (Line Drive, 89XD, EV 108.1 MPH)
|
|
Batting: LHB Spencer Palmer
|
0-0: Called Strike 0-1: Called Strike 0-2: Strikes out swinging
|
|
Batting: RHB Ryan Pelletier
|
0-0: Ground out 6-3 (Groundball, 56, EV 99.4 MPH)
|
| Top of the 9th over - 2 runs, 3 hits, 0 errors, 1 left on base; Arkansas 3 - Frisco 8 |
|